 Dungeon Crawl Stone Soup version 0.29-a0-559-g359e09b9d1 (webtiles) character file.

Game seed: 15037198869611978278

312 IdlyInterested the Conjurer (level 6, -4/44 HPs)
             Began as a Demonspawn Conjurer on June 10, 2022.
             Slain by a goblin
             ... wielding a +0 club
             ... led by Robin
              (5 damage)
             ... on level 4 of the Dungeon.
             The game lasted 00:11:23 (3635 turns).

IdlyInterested the Conjurer (Demonspawn Conjurer)   Turns: 3635, Time: 00:11:24

Health: -4/44      AC:  0    Str:  7    XL:     6   Next: 18%
Magic:  0/11       EV: 21    Int: 20    God:
Gold:   165        SH:  0    Dex: 18    Spells: 5/11 levels left

rFire   . . .      SeeInvis .   (weapon currently unavailable)
rCold   . . .      Faith    .   (shield currently unavailable)
rNeg    . . .      Spirit   +   (body armour currently unavailable)
rPois   .          Reflect  .   (helmet currently unavailable)
rElec   .          Harm     .   (cloak currently unavailable)
rCorr   .          Rampage  .   (gloves currently unavailable)
Will    .....                   (boots currently unavailable)
Stlth   ++........              f - amulet of guardian spirit
HPRegen 0.14/turn               (ring currently unavailable)
MPRegen 0.12/turn               (ring currently unavailable)

@: bat-form, flying, very quick
A: fast, flying, no casting, tiny, (hooves 1), powered by death 1, powered by
pain 1
a: no special abilities


You were on level 4 of the Dungeon.
You were a bat.
You visited 1 branch of the dungeon, and saw 4 of its levels.

You collected 165 gold pieces.

Inventory:

Hand Weapons
 d - a +0 dagger
 g - a +0 spear
 j - a +0 long sword of draining
 k - a +0 quarterstaff (melded)
 l - a +0 hand axe of venom
Missiles
 e - 5 poisoned darts
Armour
 a - a +0 robe
 c - a +0 leather armour (melded)
Jewellery
 f - an amulet of guardian spirit (around neck)
Scrolls
 m - a scroll of blinking
 o - 2 scrolls of teleportation {unknown}
Potions
 b - a potion of magic
 h - 2 potions of mutation
 i - a potion of curing
 n - 2 potions of heal wounds {unknown}


   Skills:
 + Level 2.1 Fighting
 - Level 1.0 Armour
 * Level 3.4 Dodging
 - Level 2.0 Stealth
 * Level 3.3 Spellcasting
 * Level 5.1 Conjurations


You had 5 spell levels left.
You knew the following spells:

 Your Spells              Type           Power      Damage    Failure   Level
a - Magic Dart            Conj           96%        1d7       1%          1
b - Searing Ray           Conj           48%        2d6       2%          2
c - Dazzling Flash        Conj/Hex       26%        N/A       14%         3

Your spell library contained the following spells:

 Spells                   Type           Power      Damage    Failure   Level
 Call Imp                 Summ           3%         N/A       21%         2
 Poisonous Vapours        Pois/Air       6%         N/A       21%         2
 Mephitic Cloud           Conj/Pois/Air  10%        N/A       21%         3
 Fulminant Prism          Conj/Hex       6%         3d7       43%         4
 Iskenderun's Mystic Bla  Conj/Tloc      13%        2d5       43%         4
 Corpse Rot               Necr/Pois/Air  3%         N/A       80%         4


Dungeon Overview and Level Annotations

Branches:
Dungeon (4/15)             Temple (0/1) D:4

Altars:
Gozag
Uskayaw

Shops:
D:3 [[?=

Annotations:
D:4 Robin


Innate Abilities, Weirdness & Mutations

You are a bat.
You are tiny and dextrous.
You move quickly.
You are flying.
Your equipment is almost entirely melded.
You are incapable of wielding weapons or throwing items.
You cannot cast spells.
((You have large cloven feet.))
You regenerate a little health from kills.
You sometimes gain a little power by taking damage.


Message History

* * * LOW HITPOINT WARNING * * *
You hit Robin.
Robin is moderately wounded.
The goblin no longer looks unusually strong.
The goblin closely misses you. x2
Robin roars a battlecry!
The goblins go into a battle-frenzy!
The goblin closely misses you.
You barely miss Robin.
Robin is moderately wounded.
The goblin barely misses you. The goblin misses you.
The goblin hits you with a +0 club.
* * * LOW HITPOINT WARNING * * *
Robin misses you.
You barely miss Robin.
Robin is moderately wounded.
The goblin no longer looks unusually strong.
You hit Robin but do no damage.
Robin is moderately wounded.
The goblin no longer looks unusually strong. x2
The goblin barely misses you. The goblin misses you.
The goblin completely misses you.
You hit Robin.
Robin is moderately wounded.
The hobgoblin no longer looks unusually strong.
The goblin closely misses you. x3
You barely miss Robin.
Robin is moderately wounded.
The goblin closely misses you. The goblin misses you.
The goblin closely misses you.
Robin says, "Feeling lonely?"
Robin roars a battlecry!
The goblins go into a battle-frenzy!
You hit Robin but do no damage.
Robin is moderately wounded.
The goblin no longer looks unusually strong. x2
The goblin hits you with a +0 dagger.
* * * LOW HITPOINT WARNING * * *
The goblin completely misses you. The goblin hits you with a +0 club.
You die...

.... .###
..? ....
# .. ...
##.
#.###..
....
.hg..
.>...#ggg
.....ggg#
#gb# ##g#
.g# ..##
###


You could see a hound, Robin, a hobgoblin (strong) and 8 goblins.

Vanquished Creatures
  Sigmund (D:3)
  An orc priest (D:2)
  5 adders
  A worm (D:3)
  A dart slug (D:1)
  3 orcs (D:2)
  6 bats
  7 endoplasms
  A giant cockroach (D:3)
  8 goblins
  6 hobgoblins
  2 jackals (D:3)
  2 kobolds
  2 quokkas
  6 ball pythons
  2 frilled lizards
  4 rats
58 creatures vanquished.

Notes
Turn   | Place    | Note
-------+----------+-------------------------------------------
     0 | D:1      | IdlyInterested the Demonspawn Conjurer began the quest for
                  | the Orb.
     0 | D:1      | Reached XP level 1. HP: 13/13 MP: 3/3
   181 | D:1      | Gained mutation: You sometimes gain a little power by
                  | taking damage. [demonic ancestry]
   181 | D:1      | Reached XP level 2. HP: 4/20 MP: 0/5
   501 | D:1      | Learned a level 2 spell: Searing Ray
   799 | D:1      | Reached skill level 1 in Fighting
  1567 | D:2      | Reached XP level 3. HP: 26/26 MP: 4/6
  1886 | D:2      | Gained mutation: You have large cloven feet. [demonic
                  | ancestry]
  1886 | D:2      | Reached XP level 4. HP: 32/32 MP: 4/7
  2154 | D:2      | Reached skill level 1 in Armour
  2700 | D:2      | Learned a level 3 spell: Dazzling Flash
  2750 | D:3      | Noticed Sigmund
  2751 | D:3      | Found Mogeramp's Armour Shop.
  2768 | D:3      | Killed Sigmund
  2769 | D:3      | Reached skill level 5 in Conjurations
  2769 | D:3      | Gained mutation: You regenerate a little health from kills.
                  | [demonic ancestry]
  2769 | D:3      | Reached XP level 5. HP: 31/38 MP: 0/9
  2769 | D:3      | Reached XP level 6. HP: 36/44 MP: 0/10
  3042 | D:3      | Found Kaebb's Magic Scroll Shoppe.
  3046 | D:3      | Found Qihu's Jewellery Boutique.
  3255 | D:3      | Found a hide-covered altar of Uskayaw.
  3275 | D:3      | Found Kiv Caecs's Antique Armour Emporium.
  3419 | D:3      | Found an opulent altar of Gozag.
  3613 | D:4      | Noticed Robin
  3613 | D:4      | Found a staircase to the Ecumenical Temple.
  3635 | D:4      | HP: 1/44 [goblin/+0 dagger[Robin] (5)]
  3635 | D:4      | Slain by a goblin

Illustrated notes

Levels and vault maps discovered:
D:1:      lemuel_arrival_cross, layout_loops_ring
D:2:      layout_loops_ring
D:3:      layout_loops_ring, mainiacjoe_overflow_swirl, serial_shops,
          shop_statue, shop, nicolae_shop_advertising_works
          [nicolae_subvault_shop_adworks], shop, uniq_sigmund
D:4:      layout_cave_pools, mainiacjoe_overflow_alcove_1, lemuel_round_altar,
          minmay_temple_entry_wispy, minmay_lizard_king, uniq_robin

Skill      XL: |  1  2  3  4 |
---------------+-------------+-----
Dodging        | 2 3 |  3.4
Fighting       | 1 2 |  2.1
Stealth        | 2 |  2.0
Armour         | 1 |  1.0
Spellcasting   | 3 |  3.3
Conjurations   | 5 |  5.1

Action                   |  1- 3 |  4- 6 || total
-------------------------+-------+-------++-------
Melee: Dagger            |    12 |       ||    12
       Long sword        |    24 |    17 ||    41
       Quarterstaff      |       |    49 ||    49
       Kick              |       |     8 ||     8
       Unarmed           |       |    19 ||    19
 Cast: Magic Dart        |    41 |    12 ||    53
       Searing Ray       |     1 |     1 ||     2
       Dazzling Flash    |       |     1 ||     1
  Use: Potion            |     4 |     1 ||     5
       Scroll            |     2 |     2 ||     4
 Stab: Sleeping          |     1 |     3 ||     4
Armor: Robe              |     7 |       ||     7
       Leather armour    |     4 |    26 ||    30
Dodge: Dodged            |    23 |    84 ||   107

Table legend: (Time is in decaauts)
 A = Elapsed time spent in this place.
 B = Non-inter-level travel time spent in this place.
 C = Inter-level travel time spent in this place.
 D = Time resting spent in this place.
 E = Time spent auto-exploring this place.
 F = Levels seen in this place.
 G = Mean time per level.
                   A        B        C        D        E       F      G
               +--------+--------+--------+--------+--------+-----+--------+
         Total |   3661 |   3516 |    145 |   1000 |   1886 |   4 |  915.2 |
       Dungeon |   3661 |   3516 |    145 |   1000 |   1886 |   4 |  915.2 |
               +--------+--------+--------+--------+--------+-----+--------+

Top non-repeatable levels by time:
     D:2: 1721 daAuts
     D:1: 1043 daAuts
     D:3: 876 daAuts
     D:4: 20 daAuts
